 Dungeon Crawl Stone Soup version 0.31-a0-574-g69dc8cc98e (webtiles) character file.

Game seed: 302899700644739717

156 kae the Digger (level 5, -6/31 HPs)
             Began as an Octopode Earth Elementalist on Aug 18, 2023.
             Mangled by an orc
             ... wielding a +0 trident
              (9 damage)
             ... on level 3 of the Dungeon.
             The game lasted 00:03:27 (2310 turns).

kae the Digger (Octopode Earth Elementalist)        Turns: 2310, Time: 00:03:28

Health: -6/31      AC:  1    Str:  8    XL:     5   Next: 38%
Magic:  5/9        EV: 13    Int: 19    God:
Gold:   147        SH:  0    Dex: 12    Spells: 6/10 levels left

rFire   . . .        (no weapon)
rCold   . . .        (no shield)
rNeg    . . .        (helmet restricted)
rPois   .            (no amulet)
rElec   .            (no ring)
rCorr   .            (no ring)
SInv    .            (no ring)
Will    .....        (no ring)
Stlth   +++          (no ring)
HPRegen 0.25/turn    (no ring)
MPRegen 0.11/turn    (no ring)
                     (no ring)

%: no passive effects
@: no status effects
A: almost no armour, amphibious, 8 rings, camouflage 1, gelatinous body 1,
(nimble swimmer 1), tentacles
a: no special abilities


You were on level 3 of the Dungeon.
You visited 1 branch of the dungeon, and saw 3 of its levels.

You collected 147 gold pieces.


Innate Abilities, Weirdness & Mutations

You cannot wear most types of armour.
You are amphibious.
You can wear up to eight rings at the same time.
Your skin changes colour to match your surroundings (Stealth+).
Your rubbery body absorbs attacks. (AC +1, EV +1)
((You are camouflaged when in or above water. (Stealth+)))
You have tentacles for arms and can constrict up to eight enemies at once.


   Skills:
 - Level 2.0 Dodging
 - Level 2.6 Stealth
 + Level 3.1 Spellcasting
 + Level 1.3 Conjurations
 - Level 1.0 Transmutations
 * Level 4.9 Earth Magic


You had 6 spell levels left.
You knew the following spells:

 Your Spells              Type           Power      Damage    Failure   Level
a - Sandblast             Erth           42%        2d11      1%          1
b - Stone Arrow           Conj/Erth      28%        3d8       12%         3

Your spell library contained the following spells:

 Spells                   Type           Power      Damage    Failure   Level
 Passwall                 Tmut/Erth      11%        N/A       7%          2
 Petrify                  Tmut/Erth      14%        N/A       41%         4

Inventory:

Missiles
 b - 19 stones
 d - a throwing net {=f!f}
 h - 4 poisoned darts
Scrolls
 e - a scroll of vulnerability {!r!r}
 f - 2 scrolls of teleportation {@r4}
 j - 2 scrolls of identify {@r1}
 n - a scroll of immolation {!r!r}
Potions
 a - a potion of magic
 i - a potion of enlightenment

Dungeon Overview and Level Annotations

Branches:
Dungeon (3/15) Zot: 15648

Altars:

.#[# ###. ##.###.# ...#
#.. ##..# ..# ...#
#.##..## #.# ##.###
#....## .. #....#####..#
... ####...###..## #...
#..†....# .
#######..####.######....
.............Bor@.......
######.####.oo######....
###..# ##..#### .
###...## ##.....##
....### ##...†...##
.#### #.........# ##
#.........# #.........#
#...>.<.....


You could see 3 orcs, a quokka and a giant cockroach.


Message History

Your hp is fully restored (31). 😎 MP[+1] 😎 MP[+1]
Your mp is fully restored (9).
Found a stone staircase leading down and a stone staircase leading up.
A bat comes into view.
The helpless frilled lizard fails to defend itself.
You tentacle-slap the frilled lizard. Your grab misses the frilled lizard.
The frilled lizard barely misses you.
You tentacle-slap the frilled lizard.
You kill the frilled lizard!
A quokka comes into view.
An orc comes into view. It is wielding a +0 trident.
The orc shouts!
A giant cockroach comes into view.
You closely miss the bat. You grab the bat.
You constrict the bat, but do no damage.
The bat closely misses you.
The bat escapes!
A quokka comes into view. 2 orcs come into view.
The bat hits you.
The orc moves out of view. 😕 HP[-1]
You take 1 damage, and now have 30/31 hp.
The orc shouts!
You tentacle-slap the bat. Your grab misses the bat. You tentacle-slap the bat.
You hear a shout!
The bat hits you.
A quokka comes into view.
The quokka bites you. The orc closely misses you.
The bat barely misses you. 😕 HP[-4]
You take 4 damage, and now have 26/31 hp.
The bat hits you but does no damage. The orc completely misses you.
The orc puts on a burst of speed as it pursues you!
The bat puts on a burst of speed as it pursues you!
The bat barely misses you. The bat hits you. The quokka bites you. 😮 HP[-4]
You take 4 damage, and now have 22/31 hp.
The bat closely misses you. 😮 HP[+1]
The orc puts on a burst of speed as it pursues you!
The bat hits you. 😮 HP[-1]
You take 1 damage, and now have 22/31 hp.
The bat completely misses you. The quokka barely misses you.
The bat completely misses you. 😮 HP[+1]
You hear the brisk rusting of a drain very nearby.
Casting: Sandblast (safe; 1% risk of failure)
Confirm with . or Enter, or press ? or * to list all spells.
Aiming: Sandblast (safe; 1% risk of failure)
Press: ? - help, Shift-Dir - straight line, f - bat
Aim: a bat (pursuing quickly, 74% to hit)
The blast of sand hits the bat!
You kill the bat!
The quokka bites you.
The orc barely misses you. 😮 HP[-4] MP[-1]
You take 4 damage, and now have 19/31 hp.
You lost 1 mp, and now have 8/9 mp.
Casting: Sandblast (safe; 1% risk of failure)
Confirm with . or Enter, or press ? or * to list all spells.
Aiming: Sandblast (safe; 1% risk of failure)
Press: ? - help, Shift-Dir - straight line, f - quokka
Aim: a quokka (76% to hit)
The blast of sand hits the quokka!
You kill the quokka!
The orc hits you from afar with a +0 trident!
* * * LOW HITPOINT WARNING * * *
The quokka barely misses you. 😨 HP[-7] MP[-1]
You take 7 damage, and now have 12/31 hp.
MASSIVE DAMAGE!! (PAUSE)
You lost 1 mp, and now have 7/9 mp.
Okay, then.
Okay, then.
You aren't carrying any items that you can evoke.
Unknown command.
Okay, then.
Casting: Sandblast (safe; 1% risk of failure)
Confirm with . or Enter, or press ? or * to list all spells.
Aiming: Sandblast (safe; 1% risk of failure)
Press: ? - help, Shift-Dir - straight line, f - quokka
Aim: a quokka (76% to hit)
The blast of sand misses the quokka.
The quokka closely misses you.
The orc hits you from afar with a +0 trident.
* * * LOW HITPOINT WARNING * * *
😨 HP[-2] MP[-1]
You take 2 damage, and now have 10/31 hp.
You lost 1 mp, and now have 6/9 mp.
Casting: Sandblast (safe; 1% risk of failure)
Confirm with . or Enter, or press ? or * to list all spells.
Aiming: Sandblast (safe; 1% risk of failure)
Press: ? - help, Shift-Dir - straight line, f/p - quokka
Aim: a quokka (76% to hit)
The blast of sand misses the quokka.
The quokka misses you.
The orc hits you from afar with a +0 trident!
* * * LOW HITPOINT WARNING * * *
The quokka misses you.
The orc hits you from afar with a +0 trident!
You die...

Skill      XL: |  1  2  3  4 |
---------------+-------------+-----
Earth Magic    | 4 |  4.9
Spellcasting   | 3 |  3.1
Conjurations   | 1 |  1.3
Dodging        | |  2.0
Stealth        | |  2.6
Transmutations | |  1.0

Action                     |  1- 3 |  4- 6 || total
---------------------------+-------+-------++-------
  Melee: Unarmed           |    25 |    16 ||    41
         Constrict         |     3 |     7 ||    10
         Punch             |     1 |     1 ||     2
         Tentacles         |     4 |     4 ||     8
   Cast: Sandblast         |    37 |    45 ||    82
    Use: Scroll            |       |     9 ||     9
         Potion            |       |     3 ||     3
   Stab: Sleeping          |     1 |     1 ||     2
 Armour: Skin              |    10 |    10 ||    20
  Dodge: Dodged            |    26 |    53 ||    79

Levels and vault maps discovered:
D:1:      nzn_arrival_depleted_hourglass, layout_loops_ring, fountainhead,
          chequers_serial_rivers_micro_c, minmay_parallelograms
D:2:      layout_basic, hellmonk_ecumenical_altar_lost_god,
          minmay_shallow_snake_nest, uniq_robin
D:3:      layout_rooms, portal_sewer_entry_f, kennysheep_nub, uniq_jessica

Notes
Turn   | Place    | Note
-------+----------+-------------------------------------------
     0 | D:1      | kae the Octopode Earth Elementalist began the quest for the
                  | Orb.
     0 | D:1      | Reached XP level 1. HP: 11/11 MP: 3/3
     0 | D:1      | magus.rc [v1.11.3]
   168 | D:1      | Reached XP level 2. HP: 17/17 MP: 1/5
   189 | D:1      | HP: 2/17 [goblin/+0 dagger (4)]
   227 | D:1      | magus.rc [v1.11.3]
   476 | D:1      | Reached XP level 3. HP: 21/21 MP: 4/6
   915 | D:2      | Reached skill level 4 in Earth Magic
   999 | D:2      | Learned a level 3 spell: Stone Arrow
  1019 | D:2      | Reached XP level 4. HP: 27/27 MP: 5/8
  1171 | D:2      | Noticed Robin
  1198 | D:2      | Killed Robin
  1198 | D:2      | HP: 6/25 [goblin/+0 dagger[Robin] (3)]
  1510 | D:2      | Found a faded altar of an unknown god.
  1593 | D:2      | Reached skill level 3 in Spellcasting
  1594 | D:2      | Reached skill level 1 in Conjurations
  1985 | D:3      | Reached XP level 5. HP: 31/31 MP: 5/9
  2148 | D:3      | Noticed Jessica
  2152 | D:3      | Killed Jessica
  2310 | D:3      | HP: 3/31 [orc/+0 trident (8)]
  2310 | D:3      | Mangled by an orc

Vanquished Creatures
  Jessica (D:3)
  Robin (D:2)
  4 adders (D:2)
  A worm (D:2)
  2 dart slugs (D:1)
  An orc (D:3)
  5 endoplasms
  4 giant cockroaches
  12 goblins
  7 hobgoblins
  7 quokkas
  5 ball pythons
  7 bats
  2 frilled lizards
  5 kobolds (D:1)
  8 rats
72 creatures vanquished.

Table legend:
 A = Non-vault XP
 B = Vault XP
 C = Vault XP percentage of total XP
 D = Non-vault monster count
 E = Vault monster count
 F = Vault count percentage of total count
                 A         B        C        D         E       F
            +---------+---------+-------+---------+---------+-------
      Total |     131 |      93 |  41.5 |      55 |      17 |  23.6
            +---------+---------+-------+---------+---------+-------
        D:1 |      43 |       0 |   0.0 |      28 |       0 |   0.0
        D:2 |      64 |      56 |  46.7 |      14 |      16 |  53.3
        D:3 |      24 |      37 |  60.7 |      13 |       1 |   7.1
            +---------+---------+-------+---------+---------+-------

Skill      XL: |  1  2  3  4 |
---------------+-------------+-----
Earth Magic    | 4 |  4.9
Spellcasting   | 3 |  3.1
Conjurations   | 1 |  1.3
Dodging        | |  2.0
Stealth        | |  2.6
Transmutations | |  1.0

Action                     |  1- 3 |  4- 6 || total
---------------------------+-------+-------++-------
  Melee: Unarmed           |    25 |    16 ||    41
         Constrict         |     3 |     7 ||    10
         Punch             |     1 |     1 ||     2
         Tentacles         |     4 |     4 ||     8
   Cast: Sandblast         |    37 |    45 ||    82
    Use: Scroll            |       |     9 ||     9
         Potion            |       |     3 ||     3
   Stab: Sleeping          |     1 |     1 ||     2
 Armour: Skin              |    10 |    10 ||    20
  Dodge: Dodged            |    26 |    53 ||    79

Illustrated notes

Table legend:
 A = Kills in this place as a percentage of kills in the entire game.
 B = Kills by you in this place as a percentage of kills by you in the entire game.
 C = Kills by friends in this place as a percentage of kills by friends in the entire game.
 D = Other kills in this place as a percentage of other kills in the entire game.
 E = Experience gained in this place as a percentage of experience gained in the entire game.
 F = Experience gained in this place divided by the number of levels of this place that you have seen.
                   A       B       C       D       E      F
               +-------+-------+-------+-------+-------+----------------------
         Total | 100.0 | 100.0 |   N/A |   N/A | 100.0 |  74.7
       Dungeon | 100.0 | 100.0 |   N/A |   N/A | 100.0 |  74.7
               +-------+-------+-------+-------+-------+----------------------

Table legend: (Time is in decaauts)
 A = Elapsed time spent in this place.
 B = Non-inter-level travel time spent in this place.
 C = Inter-level travel time spent in this place.
 D = Time resting spent in this place.
 E = Time spent auto-exploring this place.
 F = Levels seen in this place.
 G = Mean time per level.
                   A        B        C        D        E       F      G
               +--------+--------+--------+--------+--------+-----+--------+
         Total |   2350 |   2270 |     80 |     70 |   1656 |   3 |  783.3 |
       Dungeon |   2350 |   2270 |     80 |     70 |   1656 |   3 |  783.3 |
               +--------+--------+--------+--------+--------+-----+--------+

Top non-repeatable levels by time:
     D:2: 1084 daAuts
     D:1: 904 daAuts
     D:3: 360 daAuts
